 Dungeon Crawl Stone Soup version 0.23.1-37-gaa34b87 (webtiles) character file.

Game seed: 4458248178676197603

236 Borgoz the Skirmisher (level 6, -3/49 (52) HPs)
             Began as a Ghoul Monk on Mar 22, 2019.
             Killed from afar by an orc wizard (12 damage)
             ... with a puff of flame
             ... on level 4 of the Dungeon.
             The game lasted 00:03:46 (2599 turns).

Borgoz the Skirmisher (Ghoul Monk)                  Turns: 2599, Time: 00:03:46

HP:   -3/49 (52)    AC:  5    Str: 15    XL:     6   Next: 6%
MP:   5/5           EV: 11    Int:  7    God:
Gold: 167           SH:  0    Dex: 11    Spells: 5/5 levels left

rFire    . . .     SeeInvis .   g - +1 dagger (drain)
rCold    + . .     Gourm    .   (no shield)
rNeg     + + +     Faith    .   e - +0 ring mail
rPois    ∞         Spirit   .   (no helmet)
rElec    .         Reflect  .   (no cloak)
rCorr    .         Harm     .   (no gloves)
MR       .....                  (no boots)
Stlth    ++........             (no amulet)
HPRegen  0.00/turn              (no ring)
MPRegen  0.09/turn              (no ring)

@: rotting
A: rotting body, claws 1, carnivore, cold resistance 1, negative energy
resistance 3, inhibited regeneration, torment resistance, unbreathing
a: no special abilities


You were on level 4 of the Dungeon.
You were not hungry.

You visited 1 branch of the dungeon, and saw 4 of its levels.

You collected 167 gold pieces.

Inventory:

Hand Weapons
 g - a +1 dagger of draining (weapon)
Missiles
 f - 6 tomahawks (quivered)
Armour
 e - a +0 ring mail (worn)
Jewellery
 n - an uncursed amulet of magic regeneration {unknown}
Scrolls
 a - a scroll of blinking {unknown}
 b - 2 scrolls of amnesia {unknown}
 d - 2 scrolls of enchant armour {unknown}
 i - a scroll of teleportation {unknown}
 j - 2 scrolls of magic mapping {unknown}
 k - a scroll of identify {unknown}
 p - a scroll of random uselessness {unknown}
 q - a scroll of remove curse {unknown}
Potions
 h - a potion of curing {unknown}
 l - a potion of agility {unknown}
 m - a potion of lignification {unknown}
 o - a potion of brilliance {unknown}
Comestibles
 c - 8 rations


   Skills:
 + Level 4.0 Fighting
 * Level 3.8 Short Blades
 * Level 2.6 Armour
 + Level 3.3 Dodging
 + Level 3.4 Stealth


You had 5 spell levels left.
You didn't know any spells.
Your spell library was empty.

Dungeon Overview and Level Annotations

Branches:
Dungeon (4/15)
 Temple: D:4-7

Altars:
Fedhas
Okawaru

Annotations:
D:4 Eustachio


Innate Abilities, Weirdness & Mutations

Your body is rotting away.
You thrive on raw meat.
You are immune to poison.
You have sharp fingernails.
You are carnivorous and can eat meat at any time.
Your flesh is cold resistant. (rC+)
You are immune to negative energy. (rN+++)
You do not regenerate when monsters are visible.
You are immune to unholy pain and torment.
You can survive without breathing.


Message History

You closely miss the leopard gecko. The leopard gecko bites you.
* * * LOW HITPOINT WARNING * * *
The orc wizard looks encouraged for a moment.
You hit the leopard gecko. You drain the leopard gecko.
You kill the leopard gecko!
You hit the orc wizard but do no damage.
The orc wizard hits you but does no damage.
You closely miss the orc wizard. The orc wizard casts a spell at you.
The magic dart hits you.
* * * LOW HITPOINT WARNING * * *
You hit the orc wizard. You drain the orc wizard.
The orc wizard is heavily wounded.
The orc wizard hits you but does no damage. x2
You hit the orc wizard but do no damage.
You drain the orc wizard.
The orc wizard is almost dead.
The orc wizard points at you and mumbles some strange words.
The puff of flame hits you!
You die...

#. #.# #.# #.# #
#?# #. #.# #
####.##(####.##.#
#......oSo@.....#
...####..S########
..?.....#....#
..S####...##.#
##.## # #.# #..
###. .


You could see an orc wizard, an adder, an orc and a ball python.

Vanquished Creatures
  A howler monkey (D:3)
  2 orc wizards (D:3)
  2 worker ants (D:4)
  2 gnolls (D:2)
  An adder (D:2)
  An ooze (D:3)
  2 worms
  2 dart slugs
  4 leopard geckos
  2 orcs (D:3)
  A giant cockroach (D:2)
  9 goblins
  8 hobgoblins
  5 kobolds
  6 bats
  2 frilled lizards
  6 rats
56 creatures vanquished.

Notes
Turn   | Place    | Note
-------+----------+-------------------------------------------
     0 | D:1      | Borgoz the Ghoul Monk began the quest for the Orb.
     0 | D:1      | Reached XP level 1. HP: 19/19 MP: 0/0
   342 | D:1      | Reached XP level 2. HP: 26/26 MP: 1/1
   456 | D:1      | Reached skill level 1 in Armour
   907 | D:2      | Reached XP level 3. HP: 31/31 MP: 2/2
  1162 | D:2      | Found an iron altar of Okawaru.
  1195 | D:2      | Reached XP level 4. HP: 14/39 MP: 3/3
  1627 | D:3      | Reached XP level 5. HP: 25/46 MP: 4/4
  1949 | D:3      | Found a blossoming altar of Fedhas.
  2529 | D:4      | Noticed a phantom
  2529 | D:4      | Noticed Eustachio
  2534 | D:4      | Reached skill level 4 in Fighting
  2548 | D:3      | Reached XP level 6. HP: 22/49 MP: 5/5
  2599 | D:4      | Killed from afar by an orc wizard

Skill      XL: |  1  2  3  4  5 |
---------------+----------------+-----
Armour         | 1 2 |  2.6
Short Blades   | 3 |  3.8
Dodging        | 3 |  3.3
Stealth        | 3 |  3.4
Fighting       | 4 |  4.0

Action                   |  1- 3 |  4- 6 || total
-------------------------+-------+-------++-------
Melee: Short sword       |    27 |       ||    27
       Dagger            |    91 |   146 ||   237
 Stab: Sleeping          |     1 |     1 ||     2
  Eat: Chunk             |     3 |     9 ||    12
Armor: Ring mail         |    32 |    36 ||    68
       Robe              |     2 |       ||     2
Dodge: Dodged            |    67 |    56 ||   123
